 Dungeon Crawl Stone Soup version 0.24-a0-250-g6074511 (webtiles) character file.

Game seed: 8656664956378941259

113 Borgoz the Cutter (level 5, -1/48 HPs)
             Began as a Kobold Gladiator on Apr 14, 2019.
             Slain by an orc
             ... wielding a +0 hand axe
              (3 damage)
             ... on level 3 of the Dungeon.
             The game lasted 00:03:08 (1361 turns).

Borgoz the Cutter (Kobold Gladiator)                Turns: 1361, Time: 00:03:09

Health: -1/48      AC: 22    Str: 20    XL:     5   Next: 17%
Magic:  5/5        EV:  3    Int: 14    God:
Gold:   84         SH:  0    Dex: 23    Spells: 4/4 levels left

rFire    . . .     SeeInvis .   a - +2 dagger (elec)
rCold    . . .     Gourm    .   (shield restricted)
rNeg     + + +     Faith    .   (armour currently unavailable)
rPois    +         Spirit   .   (helmet currently unavailable)
rElec    .         Reflect  .   (cloak currently unavailable)
rCorr    .         Harm     .   (gloves currently unavailable)
MR       .....     NoTele   +   (boots currently unavailable)
Stlth    ++........             q - amulet of the acrobat
HPRegen  0.16/turn              h - +3 ring of strength
MPRegen  0.09/turn              p - +6 ring of dexterity

@: mighty, brilliant, tree-form, very slightly contaminated, invisible
A: small, carnivore
a: no special abilities


You were on level 3 of the Dungeon.
You were completely stuffed.
You were a tree.
You visited 1 branch of the dungeon, and saw 3 of its levels.

You collected 84 gold pieces.

Inventory:

Hand Weapons
 a - a +2 dagger of electrocution (weapon)
 x - a +0 rapier
Missiles
 d - 3 throwing nets (quivered)
Armour
 b - a +0 leather armour (melded)
 c - a +0 helmet (melded)
Jewellery
 h - a +3 ring of strength (left branch)
 j - an uncursed amulet of faith
 k - an uncursed ring of protection from fire
 p - a +6 ring of dexterity (right branch)
 q - an amulet of the acrobat (around neck)
 w - an uncursed ring of protection from fire
Scrolls
 g - a scroll of fog {unknown}
 o - a scroll of amnesia {unknown}
 r - 2 scrolls of immolation {unknown}
 s - a scroll of teleportation {unknown}
 t - 3 scrolls of remove curse {unknown}
Potions
 i - a potion of heal wounds {unknown}
 m - a potion of magic {unknown}
Comestibles
 f - 3 rations


   Skills:
 + Level 3.2 Fighting
 + Level 5.0 Short Blades
 - Level 2.2 Throwing
 + Level 1.4 Armour
 + Level 4.5 Dodging


You had 4 spell levels left.
You didn't know any spells.
Your spell library was empty.

Dungeon Overview and Level Annotations

Branches:
Dungeon (3/15)

Altars:


Innate Abilities, Weirdness & Mutations

You are small and have problems with some larger weapons.
You are carnivorous and can eat meat at any time.


Message History

You hit the jackal.
You kill the jackal!
The orc hits you but does no damage. x2
It was a potion of might.
You feel very mighty all of a sudden. The goblin hits you but does no damage.
The orc hits you but does no damage. x2
It was a potion of flight.
Your roots keep you in place.
The goblin hits you.
* * * LOW HITPOINT WARNING * * *
The orc hits you but does no damage. The orc hits you with a +0 hand axe.
* * * LOW HITPOINT WARNING * * *
It was a potion of invisibility.
You fade into invisibility!
The goblin hits you but does no damage.
The orc hits you from afar with a +0 trident.
* * * LOW HITPOINT WARNING * * *
You are very lightly contaminated with residual magic.
It was a potion of brilliance.
You feel clever all of a sudden. The orc hits you with a +0 hand axe.
You die...

............#
.........#.## #.
...)........ #..#
...<.......
.....##..#.......
..)....†)).......
.......g.. ...#
.. .


You could see 2 orcs, a goblin, a bat and a kobold.

Vanquished Creatures
  An orc wizard (D:3)
  3 adders (D:2)
  An ooze (D:1)
  2 dart slugs (D:2)
  A leopard gecko (D:1)
  An orc (D:3)
  4 bats
  2 giant cockroaches (D:1)
  8 goblins
  6 hobgoblins
  6 jackals
  A quokka (D:2)
  2 ball pythons
  A frilled lizard (D:1)
  3 kobolds (D:1)
42 creatures vanquished.

Notes
Turn   | Place    | Note
-------+----------+-------------------------------------------
     0 | D:1      | Borgoz the Kobold Gladiator began the quest for the Orb.
     0 | D:1      | Reached XP level 1. HP: 12/12 MP: 1/1
    60 | D:1      | Reached XP level 2. HP: 8/18 MP: 2/2
   410 | D:1      | Reached XP level 3. HP: 22/22 MP: 3/3
   870 | D:2      | Reached skill level 1 in Armour
   921 | D:2      | Reached XP level 4. HP: 26/27 MP: 4/4
  1333 | D:3      | Reached skill level 5 in Short Blades
  1333 | D:3      | Reached XP level 5. HP: 22/32 MP: 5/5
  1360 | D:3      | HP: 2/48 [orc/+0 trident (3)]
  1361 | D:3      | Slain by an orc

Levels and vault maps discovered:
D:1:      lemuel_arrival_room, layout_rooms, serial_aquarium,
          aquarium_bridge_long_joined [aquarium_subvault_bridge,
          aquarium_subvault_bridge, aquarium_subvault_wall,
          aquarium_subvault_balcony, aquarium_subvault_wall,
          aquarium_subvault_bridge], aquarium_window_fake,
          aquarium_window_corridor_3, aquarium_view_2d, aquarium_view_2b
D:2:      layout_loops_ring
D:3:      layout_rooms, cheibrodos_sewer_entry_sluice, first_ration

Skill      XL: |  1  2  3  4 |
---------------+-------------+-----
Dodging        | 4 |  4.5
Armour         | 1 |  1.4
Fighting       | 3 |  3.2
Short Blades   | 5 |  5.0
Throwing       | |  2.2

Action                   |  1- 3 |  4- 6 || total
-------------------------+-------+-------++-------
Melee: Rapier            |    81 |       ||    81
       Dagger            |     4 |    50 ||    54
  Use: Potion            |       |     7 ||     7
 Stab: Sleeping          |     1 |     2 ||     3
  Eat: Chunk             |     8 |     2 ||    10
Armor: Leather armour    |    20 |    14 ||    34
       Skin              |       |    12 ||    12
Dodge: Dodged            |    80 |   102 ||   182

Table legend:
 A = Non-vault XP
 B = Vault XP
 C = Vault XP percentage of total XP
 D = Non-vault monster count
 E = Vault monster count
 F = Vault count percentage of total count
                 A         B        C        D         E       F
            +---------+---------+-------+---------+---------+-------
      Total |     162 |       0 |   0.0 |      42 |       0 |   0.0
            +---------+---------+-------+---------+---------+-------
        D:1 |      40 |       0 |   0.0 |      19 |       0 |   0.0
        D:2 |      69 |       0 |   0.0 |      16 |       0 |   0.0
        D:3 |      53 |       0 |   0.0 |       7 |       0 |   0.0
            +---------+---------+-------+---------+---------+-------
